 Dungeon Crawl Stone Soup version 0.31.0-11-ge490571c62 (webtiles) character file.

Game seed: 17436099096259441426

155190 tilp the Severer (level 17, -8/160 HPs)
             Began as a Minotaur Berserker on Feb 10, 2024.
             Was the Champion of Trog.
             Shot with an arrow by a centaur warrior (11 damage)
             ... on level 15 of the Dungeon.
             The game lasted 00:37:08 (26356 turns).

tilp the Severer (Minotaur Berserker)              Turns: 26356, Time: 00:37:08

Health: -8/160     AC: 42    Str: 30    XL:     17   Next: 8%
Magic:  5/5        EV: 32    Int:  4    God:    Trog [******]
Gold:   573        SH:  0    Dex: 10    Spells: 16/16 levels left

rFire   . . .        a - +3 battleaxe (antimagic)
rCold   . . .        (shield currently unavailable)
rNeg    . . .        j - +17 plate armour of Limitation {Rampage Stlth+}
rPois   +            T - +2 hat
rElec   .            W - +2 cloak {Stlth+}
rCorr   .            U - +1 pair of gloves
SInv    .            m - +1 pair of boots
Will    +....        o - amulet of the acrobat Stlth
                     t - +5 ring of evasion
HPRegen 0.46/turn    H - ring of poison resistance
MPRegen 0.09/turn

%: acrobat, rampage
@: on fire, acrobatic, glowing, studying Dodging
A: horns 2, retaliatory headbutt
a: Renounce Religion, Berserk, Trog's Hand, Brothers in Arms


You were on level 15 of the Dungeon.
You worshipped Trog.
Trog was exalted by your worship.
You visited 3 branches of the dungeon, and saw 22 of its levels.
You also visited: Ice Cave.

You collected 3713 gold pieces.
You spent 3140 gold pieces at shops.

Inventory:

Hand Weapons
 a - a +3 antimagic battleaxe (weapon)
 b - a +6 broad axe of flaming
 Q - a +1 executioner's axe of venom
Missiles
 k - 7 atropa-tipped darts
 q - 3 javelins
 r - 24 boomerangs (quivered)
 y - a curare-tipped dart
 A - a throwing net {!f}
 D - 46 poisoned darts
Armour
 j - the +17 plate armour of Limitation (worn) {Rampage Stlth+}
   (You bought it in a shop on level 6 of the Dungeon)

   Rampage:   It bestows one free step when moving towards enemies.
   Stlth+:    It makes you more stealthy.
 m - a +1 pair of boots (worn)
 E - a scarf of invisibility
 T - a +2 hat (worn)
 U - a +1 pair of gloves (worn)
 W - a +2 cloak of stealth (worn)
Jewellery
 c - a +5 ring of evasion
 o - an amulet of the acrobat (around neck)
 s - an amulet of reflection
 t - a +5 ring of evasion (left hand)
 z - a ring of see invisible
 F - a ring of ice
 H - a ring of poison resistance (right hand)
Wands
 h - a wand of roots (26)
 v - a wand of digging (17)
 w - a wand of acid (10)
 x - a wand of polymorph (23)
 I - a wand of charming (6)
 V - a wand of flame (24)
Scrolls
 d - 4 scrolls of immolation
 f - 11 scrolls of teleportation
 g - 2 scrolls of torment
 G - 5 scrolls of enchant weapon
 K - 2 scrolls of poison
 M - a scroll of vulnerability
 N - 2 scrolls of summoning
 O - 2 scrolls of fog
 R - 2 scrolls of blinking
 S - a scroll of revelation
 Y - a scroll of fear
Potions
 e - a potion of mutation
 i - 4 potions of haste
 l - 4 potions of attraction
 n - 9 potions of curing
 p - a potion of berserk rage
 u - a potion of enlightenment
 B - 4 potions of might
 C - 3 potions of resistance
 J - 3 potions of cancellation
 P - 10 potions of ambrosia
 Z - 3 potions of heal wounds
Miscellaneous
 L - a phantom mirror
 X - a lightning rod (4/4)


   Skills:
 + Level 16.7 Fighting
 + Level 20.5 Axes
 + Level 10.8 Throwing
 + Level 11.2 Armour
 + Level 15.3 Dodging
 - Level 2.0 Stealth
 - Level 8.6 Evocations


You had 16 spell levels left.
You didn't know any spells.
Your spell library was empty.

Dungeon Overview and Level Annotations

Branches:
Dungeon (15/15)            Temple (0/1) D:6            Lair (5/5) D:8
  Swamp (0/4) Lair:2        Snake (0/4) Lair:3        Slime (0/5) Lair:5
    Orc (2/2) D:12            Elf (0/3) Orc:2        Vaults (0/5) D:13
  IceCv (visited)
 Depths: D:15

Altars:
Cheibriados
Dithmenos
Fedhas
Gozag
Kikubaaqudgha
Makhleb
Okawaru
Qazlal
Ru
Sif Muna
Trog
Vehumet
Wu Jian
Xom
The Shining One
Jiyva

Shops:
D:6 [   D:7 !   D:9 :(**:   D:10 :   Orc:2 ?=?[

Portals:
Hell: Lair:5
Abyss: Lair:2

Annotations:
Lair:2 2 transporters, zurenarrh's ghost, journeyman NaAl
Orc:1 1 transporter


Innate Abilities, Weirdness & Mutations

You have a pair of horns on your head.
You reflexively headbutt those who attack you in melee.


Message History

The fire elemental hits you. The fire elemental burns you!
* * * LOW HITPOINT WARNING * * *
The yaktaur completely misses you. The basilisk gazes at you.
You easily resist.
The deep elf pyromancer points at you and mumbles some strange words.
The bolt of fire hits you but does no damage.
The bolt of fire hits the fire elemental.
The fire elemental completely resists.
The liquid fire burns you!
* * * LOW HITPOINT WARNING * * *
The fire elemental hits you. The fire elemental burns you!
* * * LOW HITPOINT WARNING * * *
The yaktaur hits you but does no damage.
The basilisk bites you but does no damage.
The deep elf pyromancer completely misses you.
The fire elemental hits you. The fire elemental burns you!
* * * LOW HITPOINT WARNING * * *
You turn to flesh and can move again.
Unknown command.
Unknown command.
Unknown command.
You feel much better. The liquid fire burns you!
* * * LOW HITPOINT WARNING * * *
The fire elemental hits you. The fire elemental burns you!
* * * LOW HITPOINT WARNING * * *
The yaktaur barely misses you. The basilisk misses you.
The deep elf pyromancer hits you but does no damage.
Unknown command.
Unknown command.
Unknown command.
You shake off some of the fire as you move.
The liquid fire burns you!
* * * LOW HITPOINT WARNING * * *
A centaur warrior comes into view.
The fire elemental completely misses you.
The centaur warrior wields a +0 shortbow.
The centaur warrior shoots an arrow.
The arrow hits you!
You die...

#.### ## #<#.# ...#
#####...#
.....#......##
#......)†###.#
####.........#
########..### .
##...#######...
######†))@.c....#
...c......E.e....#
######......l.##...
#....#.#.....
#.##.....###.# ...
#.....# ....
#....... .....
#.....### ##..
#.....#


You could see a centaur warrior, a yaktaur, a deep elf pyromancer, a basilisk
and a fire elemental (summoned).

Vanquished Creatures
  Gastronok (Lair:1)
  A tengu reaver (D:13)
  The ghost of OceanMan the Blocker, a journeyman MiFi of Trog (D:13)
  2 fire giants (D:13)
  An orc warlord (D:13)
  An ironbound thunderhulk (D:13)
  A stone giant (D:13)
  An ettin (Orc:1)
  An entropy weaver (shapeshifter) (D:13)
  13 hydras
  4 ogre magi
  A vault guard (D:13)
  3 centaur warriors
  2 tengu warriors
  A dancing weapon (D:13)
  2 death knights (D:13)
  5 boulder beetles
  A deep troll earth mage (D:13)
  8 death yaks
  3 two-headed ogres
  2 occultists
  3 skeletal warriors (D:13)
  2 skysharks
  A sixfirhy (Lair:5)
  A glowing orange brain (shapeshifter) (D:13)
  A bog body (Lair:2)
  A deep elf archer (D:13)
  Pikel (D:5)
  A necromancer (D:13)
  A lindwurm (Lair:5)
  2 orc knights
  9 ugly things
  5 deep elf pyromancers
  12 orc sorcerers
  An elephant (shapeshifter) (D:13)
  2 cyclopes (D:13)
  A manticore (D:13)
  A kobold blastminer (Orc:1)
  5 meliai (D:13)
  2 ice statues (IceCv)
  3 elephants (Lair:3)
  6 black mambas
  2 gargoyles
  Jeremiah (D:6)
  15 cane toads
  A smoke demon (Lair:5)
  A kobold demonologist (D:13)
  An orange demon (Lair:5)
  11 komodo dragons
  An efreet (D:14)
  7 rime drakes
  2 yaktaurs (D:15)
  2 unseen horrors (D:13)
  2 ice devils (Lair:5)
  2 red devils (Lair:5)
  3 trolls
  4 tengu conjurers
  2 polar bears
  A hornet (D:13)
  Grinder (D:4)
  11 blink frogs
  A dream sheep (shapeshifter) (D:13)
  13 dream sheep
  11 slime creatures
  Sigmund (D:5)
  2 wraiths
  A vampire (D:12)
  A centaur simulacrum (D:13)
  A dire elephant simulacrum (IceCv)
  5 wyverns
  3 shadows
  4 basilisks
  60 yaks
  3 humans (D:13)
  2 steam dragons
  11 vampire mosquitoes
  A redback (D:13)
  A death yak simulacrum (D:12)
  20 water moccasins
  An acid dragon (D:12)
  4 hell hounds (Lair:5)
  2 ice beasts (D:8)
  17 orc warriors
  Duvessa (D:5)
  3 black bears
  2 sky beasts
  21 wolves
  8 ogres
  14 centaurs
  2 lemures (D:5)
  3 kobold brigands (D:8)
  14 bullfrogs
  3 gnoll sergeants
  4 two-headed ogre simulacra (D:12)
  A cane toad simulacrum (IceCv)
  3 scorpions
  23 wights
  Dowan (D:5)
  2 elephant simulacra
  26 killer bees
  3 howler monkeys
  2 bombardier beetles
  A crimson imp (D:10)
  2 hounds (D:6)
  3 jellies
  10 orc priests
  2 gnoll boudas
  8 iguanas
  4 hell rats (Lair:5)
  A sleepcap (D:5)
  A spriggan simulacrum (D:12)
  42 orc wizards
  A wolf simulacrum (IceCv)
  An ogre zombie (D:6)
  22 gnolls
  9 adders
  A naga simulacrum (D:12)
  An orc zombie (D:6)
  A gnoll zombie (D:6)
  6 dart slugs
  3 ribbon worms
  75 orcs
  3 ball pythons
  10 endoplasms
  2 giant cockroaches
  6 goblins
  8 hobgoblins
  6 jackals (D:2)
  23 kobolds
  A quokka (D:3)
  3 bats
  6 frilled lizards
  3 rats
752 creatures vanquished.

Vanquished Creatures (collateral kills)
  2 hydras
  A black mamba (Lair:2)
  A queen bee (Lair:1)
  7 killer bees (Lair:1)
11 creatures vanquished.

Vanquished Creatures (others)
  A deep elf pyromancer (D:15)
1 creature vanquished.

Grand Total: 764 creatures vanquished

Notes
Turn   | Place    | Note
-------+----------+-------------------------------------------
     0 | D:1      | tilp the Minotaur Berserker began the quest for the Orb.
     0 | D:1      | Reached XP level 1. HP: 19/19 MP: 0/0
    39 | D:1      | Reached skill level 4 in Axes
    39 | D:1      | Reached XP level 2. HP: 27/27 MP: 1/1
   285 | D:1      | Reached skill level 1 in Stealth
   285 | D:1      | Reached XP level 3. HP: 30/33 MP: 2/2
   969 | D:2      | Reached ** piety under Trog
   991 | D:2      | Reached XP level 4. HP: 38/40 MP: 3/3
  1396 | D:3      | Reached skill level 5 in Axes
  1484 | D:3      | Reached XP level 5. HP: 30/47 MP: 4/4
  1835 | D:3      | Identified the +0 robe of Numua {rPois}
  2329 | D:4      | Noticed Grinder
  2355 | D:4      | Paralysed by Grinder for 5 turns
  2371 | D:4      | Killed Grinder
  2372 | D:4      | Reached skill level 5 in Fighting
  2372 | D:4      | Reached skill level 6 in Axes
  2372 | D:4      | Reached XP level 6. HP: 40/56 MP: 5/5
  3088 | D:4      | Found a shimmering blue altar of Sif Muna.
  3088 | D:4      | Found a sacrificial altar of Ru.
  3088 | D:4      | Found an iron altar of Okawaru.
  3088 | D:4      | Found a shadowy altar of Dithmenos.
  3088 | D:4      | Found a shimmering altar of Xom.
  3088 | D:4      | Found a glowing golden altar of the Shining One.
  3443 | D:4      | Reached skill level 10 in Axes
  3443 | D:4      | Reached XP level 7. HP: 70/70 MP: 6/6
  3508 | D:4      | Identified the +0 helmet "Veweivogh" {^Drain +Blink Dex+3}
  3516 | D:5      | Entered Level 5 of the Dungeon
  3607 | D:5      | Noticed Duvessa
  3608 | D:5      | Noticed Dowan
  3611 | D:5      | Killed Duvessa
  3617 | D:5      | Killed Dowan
  3618 | D:5      | Reached XP level 8. HP: 78/78 MP: 7/7
  3708 | D:5      | Noticed Pikel
  3719 | D:5      | Killed Pikel
  3793 | D:5      | Reached skill level 11 in Axes
  4070 | D:5      | Reached *** piety under Trog
  4412 | D:5      | Reached skill level 10 in Fighting
  4559 | D:5      | Noticed Sigmund
  4567 | D:5      | Killed Sigmund
  4568 | D:5      | Reached XP level 9. HP: 85/85 MP: 8/8
  5032 | D:6      | Found a transporter.
  5085 | D:6      | Identified the +4 dagger "Osomuq" {flame, Will- Str+3
                  | Dex+4}
  5132 | D:6      | Found a transporter.
  5180 | D:6      | Reached skill level 12 in Axes
  5309 | D:6      | Found a staircase to the Ecumenical Temple.
  5317 | D:6      | Noticed Jeremiah
  5334 | D:6      | Killed Jeremiah
  5526 | D:6      | Found Hoehu's Antique Armour Shoppe.
  6247 | D:7      | Reached skill level 13 in Axes
  6535 | D:7      | Found Kaekk's Distillery.
  6540 | D:7      | Bought a potion of curing for 30 gold pieces
  6540 | D:7      | Bought a potion of degeneration for 10 gold pieces
  6540 | D:7      | Bought a potion of curing for 30 gold pieces
  6659 | D:7      | Reached XP level 10. HP: 93/93 MP: 9/9
  6825 | D:8      | Reached skill level 14 in Axes
  7034 | D:8      | Reached **** piety under Trog
  7035 | D:8      | Found a shadowy altar of Dithmenos.
  7661 | D:8      | Reached skill level 15 in Axes
  7708 | D:8      | Found a staircase to the Lair.
  8458 | D:9      | Reached skill level 16 in Axes
  8636 | D:9      | Reached XP level 11. HP: 86/99 MP: 10/10
  8703 | D:9      | Found Oruow's Fire Supplies.
  8712 | D:9      | Bought a +0 chain mail of fire resistance for 138 gold
                  | pieces
  8913 | D:9      | Found Mepiecol's Self-Published Books.
  8920 | D:9      | Found Paff's Antique Weapon Shoppe.
  9041 | D:9      | Found Emunut's Book Shop.
  9065 | D:9      | Found Jasoet's General Store.
  9068 | D:9      | Bought a scroll of identify for 30 gold pieces
  9080 | D:9      | Found a bloodstained altar of Trog.
  9430 | D:9      | Found an opulent altar of Gozag.
  9432 | D:9      | Found a stormy altar of Qazlal.
  9434 | D:9      | Found an ornate altar of the Wu Jian Council.
  9440 | D:9      | Found a snail-covered altar of Cheibriados.
  9443 | D:9      | Noticed a two-headed ogre
  9450 | D:9      | Killed a two-headed ogre
  9593 | D:10     | Entered Level 10 of the Dungeon
  9682 | D:10     | Reached ***** piety under Trog
  9793 | D:10     | Reached skill level 17 in Axes
 10016 | D:10     | Found Uberphi Kono's Vocational Training.
 10246 | D:10     | Found a shimmering altar of Xom.
 10246 | D:10     | Found a burning altar of Makhleb.
 10739 | D:11     | Reached skill level 18 in Axes
 10764 | D:11     | Noticed a white ugly thing
 10771 | D:11     | Killed a white ugly thing
 11810 | Lair:1   | Entered Level 1 of the Lair of Beasts
 11835 | Lair:1   | Reached skill level 19 in Axes
 11927 | Lair:1   | Noticed a boulder beetle
 11933 | Lair:1   | Killed a boulder beetle
 12034 | Lair:1   | Reached XP level 12. HP: 84/106 MP: 11/11
 12407 | Lair:1   | Received a gift from Trog
 12412 | Lair:1   | Reached skill level 20 in Axes
 12444 | Lair:1   | Noticed Gastronok
 12621 | Lair:1   | Killed Gastronok
 12622 | Lair:1   | Reached skill level 1 in Throwing
 13723 | Lair:2   | Noticed a six-headed hydra
 13726 | Lair:2   | Killed a six-headed hydra
 13870 | Lair:2   | Found a staircase to the Swamp.
 13932 | Lair:2   | Found a transporter.
 13935 | Lair:2   | Found a transporter.
 13935 | Lair:2   | Found a one-way gate to the infinite horrors of the Abyss.
 13935 | Lair:2   | Noticed zurenarrh's ghost (journeyman NaAl)
 13935 | Lair:2   | Noticed a rakshasa
 14037 | Lair:2   | Reached skill level 5 in Evocations
 14876 | Lair:3   | Noticed an eight-headed hydra
 14876 | Lair:3   | Found a staircase to the Snake Pit.
 14925 | Lair:3   | Reached XP level 13. HP: 117/117 MP: 12/12
 15915 | Lair:3   | Identified the +1 ring mail "Racw" {rC+ Dex+4}
 15975 | Lair:3   | Received a gift from Trog
 17264 | Lair:4   | Reached skill level 5 in Throwing
 18229 | Lair:5   | Entered Level 5 of the Lair of Beasts
 18229 | Lair:5   | Found a staircase to the Slime Pits.
 18229 | Lair:5   | Found a viscous altar of Jiyva.
 18253 | Lair:5   | Reached XP level 14. HP: 113/130 MP: 13/13
 18256 | Lair:5   | Received a gift from Trog
 19223 | Lair:5   | Reached skill level 10 in Armour
 19286 | Lair:5   | Identified the +8 tower shield of Eternity {rC+++}
 19613 | Lair:5   | Reached skill level 10 in Dodging
 19670 | Lair:5   | Reached skill level 15 in Fighting
 19758 | Lair:5   | Found a burning altar of Makhleb.
 20032 | Lair:5   | Found a gateway to Hell.
 20266 | D:6      | Bought a fading plate armour for 840 gold pieces
 20266 | D:6      | Identified the +17 plate armour of Limitation {Rampage
                  | Stlth+} (You bought it in a shop on level 6 of the Dungeon)
 20492 | D:12     | Found a staircase to the Orcish Mines.
 20620 | D:12     | Found a frozen archway.
 20665 | IceCv    | Entered an ice cave
 20668 | IceCv    | Found a transporter.
 20690 | IceCv    | Found a transporter.
 21490 | Orc:1    | Entered Level 1 of the Orcish Mines
 21554 | Orc:1    | Received a gift from Trog
 21670 | Orc:1    | Paralysed by an orc sorcerer for 4 turns
 21731 | Orc:1    | Reached XP level 15. HP: 143/144 MP: 14/14
 21956 | Orc:1    | Found a transporter.
 22415 | Orc:2    | Entered Level 2 of the Orcish Mines
 22818 | Orc:2    | Found a staircase to the Elven Halls.
 23019 | Orc:2    | Found Counulee's Magic Scroll Shoppe.
 23036 | Orc:2    | Found Lys Riz's Antique Armour Emporium.
 23038 | Orc:2    | Received a gift from Trog
 23107 | Orc:2    | Found an ancient bone altar of Kikubaaqudgha.
 23124 | Orc:2    | Found Exito's Jewellery Emporium.
 23150 | Orc:2    | Found a radiant altar of Vehumet.
 23220 | Orc:2    | Reached ****** piety under Trog
 23242 | Orc:2    | Found Jominofa's Magic Scroll Shoppe.
 23302 | Orc:2    | Bought a scroll of acquirement for 572 gold pieces
 23302 | Orc:2    | Acquired 994 gold pieces
 23340 | Orc:2    | Bought a scroll of blinking for 105 gold pieces
 23340 | Orc:2    | Bought a scroll of enchant weapon for 105 gold pieces
 23506 | D:9      | Bought a manual of Dodging for 1280 gold pieces
 23653 | D:13     | Reached skill level 10 in Throwing
 24083 | D:13     | Noticed a fire giant
 24101 | D:13     | Killed a fire giant
 24106 | D:13     | Paralysed by something for 4 turns
 24110 | D:13     | Noticed a fire giant
 24118 | D:13     | Killed a fire giant
 24345 | D:13     | Received a gift from Trog
 24840 | D:13     | Found a runed translucent door.
 24840 | D:13     | Noticed OceanMan's ghost (journeyman MiFi)
 24923 | D:13     | Found a gate to the Vaults.
 25177 | D:13     | Identified the +4 great sword of the Scorching Gods {drain,
                  | Int+2 Dex+2}
 25187 | D:13     | Noticed a tengu reaver
 25223 | D:13     | Killed a tengu reaver
 25625 | D:13     | Killed OceanMan's ghost
 25641 | D:13     | Reached skill level 15 in Dodging
 25641 | D:13     | Reached XP level 16. HP: 152/152 MP: 5/15
 25877 | D:14     | Reached XP level 17. HP: 112/160 MP: 5/16
 26011 | D:14     | Found a blossoming altar of Fedhas.
 26282 | D:15     | Entered Level 15 of the Dungeon
 26356 | D:15     | HP: 2/160 [burnt (14)]
 26356 | D:15     | Shot with an arrow by a centaur warrior

Illustrated notes

Levels and vault maps discovered:
D:1:      psy_arrival_fountain, layout_rooms
D:2:      layout_basic, kennysheep_generic_room_3
D:3:      layout_basic
D:4:      cheibrodos_fertilizer, layout_basic, serial_bayou_pond_c, uniq_grinder
D:5:      layout_basic, kennysheep_doodads, serial_park_tiny_2, uniq_pikel,
          uniq_sigmund, uniq_duvessa
D:6:      gammafunk_cloud_chamber, layout_loops_cross,
          minmay_temple_entry_ruins, serial_shops, nicolae_diamond_shop,
          chequers_serial_rivers_large_a, uniq_jeremiah
D:7:      layout_basic, serial_curves, eino_curves_01, eino_curves_03,
          serial_shops, nicolae_shop_tiny_statue_garden, kennysheep_potato
D:8:      layout_loops_corners, minmay_lair_entry_grove, minmay_ruined_shrine
D:9:      layout_irregular_city, trog_butcher_becter,
          nicolae_overflow_macrodata_refinement, serial_shops, shop, shop,
          nicolae_shop_statue_plus, nicolae_shop_fire_sale
          [nicolae_sub_dead_trees], nicolae_custom_books
D:10:     layout_rooms, grunt_temple_overflow_champion_of_chaos,
          nicolae_shop_vocational
D:11:     layout_grid_maze
D:12:     layout_roguey, david_orc_2, portal_ice_cave_entry_ice_simulacra,
          grunt_decor_cap
D:13:     layout_loops_ring, hellmonk_vaults_keyhole,
          hellmonk_ghost_happy_afterlife, nicolae_rejected_hall
D:14:     layout_cave_pools, fedhas_altar_4
D:15:     hellmonk_depths_entry_around_the_bend, layout_rooms,
          nicolae_two_hexagons, serial_curves, eino_curves_01, eino_curves_04
Lair:1:   layout_roguey, special_room [special_room_bee], uniq_gastronok
Lair:2:   layout_regular_city, skrybe_swamp_entry_bodies,
          gammafunk_ghost_abyssal_escape, grunt_megastairs_4
Lair:3:   nzn_winding_woodlands_stair_trap [nzn_winding_woodlands_5x15_cabin,
          nzn_winding_woodlands_5x15_split_checker,
          nzn_winding_woodlands_5x15_river_crossing,
          nzn_winding_woodlands_15x15_killbox,
          nzn_winding_woodlands_5x15_garden, nzn_winding_woodlands_5x15_pool,
          nzn_winding_woodlands_5x15_eye], layout_cellular_growth,
          dummy_snake_entry
Lair:4:   layout_big_grid
Lair:5:   evil_forest, layout_regular_city, slime_entry_1, fungi_pond_lemuel,
          grunt_megastairs_3, serial_bayou_shore_b
Orc:1:    emtedronai_trogs_sanctum, layout_diamond_mine
Orc:2:    kennysheep_orc_mage_school, layout_diamond_mine, basic_altar

Skill      XL: |  1  2  3  4  5  6  7  8  9 10 11 12 13 14 15 16 |
---------------+-------------------------------------------------+-----
Axes           | 4 5 6 10 11 13 16 19 20 | 20.5
Stealth        | 1 2 |  2.0
Fighting       | 4 5 9 10 11 13 16 | 16.7
Dodging        | 3 6 7 9 10 15 | 15.3
Armour         | 6 7 9 10 11 | 11.2
Evocations     | 3 4 5 6 8 |  8.6
Throwing       | 3 5 8 10 | 10.8

Action                     |  1- 3 |  4- 6 |  7- 9 | 10-12 | 13-15 | 16-18 || total
---------------------------+-------+-------+-------+-------+-------+-------++-------
  Melee: Hand axe          |    62 |    62 |       |       |       |       ||   124
         Headbutt          |    11 |    15 |    30 |    97 |   206 |    24 ||   383
         War axe           |       |    59 |   166 |   208 |       |       ||   433
         Punch             |       |       |     1 |       |       |       ||     1
         Battleaxe         |       |       |       |   340 |   877 |    85 ||  1302
         Broad axe         |       |       |       |       |    11 |       ||    11
  Throw: Dart              |       |     1 |       |       |       |       ||     1
         Boomerang         |       |       |       |     1 |    27 |       ||    28
         Javelin           |       |       |       |       |     1 |       ||     1
 Invoke: Berserk           |     2 |     2 |     7 |     8 |     5 |       ||    24
         Trog's Hand       |       |     2 |     1 |     4 |     5 |       ||    12
         Brothers in Arms  |       |       |       |     1 |       |       ||     1
  Evoke: Phantom mirror    |       |       |       |     1 |     4 |       ||     5
         Wand              |       |       |       |       |    14 |       ||    14
         Lightning rod     |       |       |       |       |     9 |       ||     9
    Use: Scroll            |     4 |     7 |     6 |     8 |     7 |     1 ||    33
         Potion            |       |     5 |     5 |       |     2 |     1 ||    13
 Armour: Animal skin       |     1 |       |       |       |       |       ||     1
         Ring mail         |    32 |    24 |       |       |       |       ||    56
         Plate armour      |       |    36 |   148 |   139 |   413 |   102 ||   838
         Skin              |       |     6 |       |       |       |       ||     6
         Chain mail        |       |       |       |   281 |   417 |       ||   698
  Dodge: Dodged            |    35 |    52 |    69 |   235 |   491 |    57 ||   939
  Block: Buckler           |       |       |       |     1 |       |       ||     1
